 Dungeon Crawl Stone Soup version 0.17-a0-1069-g92ad481 (webtiles) character file.

7042 Raurakos the Thaumaturge (level 10, 0/50 HPs)
             Began as a Deep Elf Conjurer on May 17, 2015.
             Was a Follower of Vehumet.
             Slain by a freezing wraith (4 damage)
             ... in an ice cave.
             The game lasted 00:52:24 (10959 turns).

Raurakos the Thaumaturge (Deep Elf Conjurer)       Turns: 10959, Time: 00:52:24

Health: 0/50       AC:  7    Str:  5    XL:     10   Next: 83%
Magic:  21/38      EV: 13    Int: 31    God:    Vehumet [*.....]
Gold:   491        SH:  0    Dex: 15    Spells: 5 memorised, 20 levels left

rFire  . . .     SeeInvis +     a - +0 quarterstaff
rCold  . . .     Clarity  .     K - +0 robe of the Pure Mice {Int+5 SInv}
rNeg   . . .     SustAb   .     (no shield)
rPois  .         Gourm    .     (no helmet)
rElec  .         Spirit   .     i - +0 cloak
rCorr  .         Warding  .     g - +1 pair of gloves
rMut   .         Stasis   .     D - +1 pair of boots
MR     +....                    (no amulet)
Stlth  ++........               J - +2 ring of intelligence
                                r - ring of magical power

@: slowed, very slow, somewhat resistant to hostile enchantments, unstealthy
A: no striking features
a: Renounce Religion


You were in an ice cave.
You worshipped Vehumet.
Vehumet was aware of your devotion.
You were not hungry.

You visited 3 branches of the dungeon, and saw 11 of its levels.
You also visited: Sewer and Ice Cave.

You collected 491 gold pieces.

Inventory:

Hand weapons
 a - a +0 quarterstaff (weapon)
Armour
 g - a +1 pair of gloves (worn)
 i - a +0 cloak (worn)
 D - a +1 pair of boots (worn)
 K - the +0 robe of the Pure Mice (worn) {Int+5 SInv}
   (You found it on level 9 of the Dungeon)

   It affects your intelligence (+5).
   It lets you see invisible.
Jewellery
 d - an uncursed ring of flight
 o - an uncursed ring of fire
 r - a ring of magical power (left hand)
 C - an uncursed amulet of stasis
 J - a +2 ring of intelligence (right hand)
Scrolls
 e - a scroll of fear {unknown}
 m - 2 scrolls of magic mapping
 v - 3 scrolls of teleportation {unknown}
 y - 2 scrolls of fog {unknown}
 z - 5 scrolls of remove curse
 H - a scroll of vulnerability {unknown}
 I - a scroll of noise {unknown}
Potions
 h - a potion of agility
 k - 3 potions of flight
 p - 4 potions of resistance
 s - a potion of invisibility
 t - 4 potions of curing
 A - a potion of haste
 B - 3 potions of might
 F - a potion of cure mutation {unknown}
 G - a potion of beneficial mutation {unknown}
 L - a potion of brilliance {unknown}
Comestibles
 c - 10 bread rations


   Skills:
 - Level 2.4 Dodging
 - Level 2.4 Stealth
 + Level 13.1 Spellcasting
 - Level 12.0 Conjurations
 - Level 5.1 Hexes
 - Level 10.0 Charms


You had 20 spell levels left.
You knew the following spells:

 Your Spells              Type           Power        Failure   Level  Hunger
a - Magic Dart            Conj           ####         1%          1    None
b - Searing Ray           Conj           ######       1%          2    None
c - Iskenderun's Battles  Conj/Chrm      ######..     1%          5    None
d - Dazzling Spray        Conj/Hex       ######..     1%          3    None
i - Iskenderun's Mystic   Conj           #######.     1%          4    None


Dungeon Overview and Level Annotations

Branches:
Dungeon (9/15)             Temple (1/1) D:6            Lair (1/8) D:8
    Orc: D:9-12

Altars:
Ashenzari
Cheibriados
Dithmenos
Elyvilon
Fedhas
Gozag
Kikubaaqudgha
Makhleb
Nemelex Xobeh
Okawaru
Qazlal
Ru
Sif Muna
Trog
Vehumet
Xom
Yredelemnul
Zin
The Shining One


Message History

The freezing wraith closely misses you. The freezing wraith barely misses you.
The freezing wraith misses you. The freezing wraith barely misses you.
The freezing wraith closely misses you.
Casting: Iskenderun's Mystic Blast
Confirm with . or Enter, or press ? or * to list all spells.
Aiming: Iskenderun's Mystic Blast
Press: ? - help, Shift-Dir - straight line, f/p - freezing wraith
Aim: a freezing wraith (severely damaged)
The orb of energy hits the freezing wraith.
You destroy the freezing wraith!
Vehumet accepts your kill.
Your Spellcasting skill increases to level 13!
The orb of energy explodes!
The mystic blast hits the freezing wraith.
The freezing wraith is heavily damaged.
Your battlesphere fires!
The barrage of energy hits the freezing wraith.
The freezing wraith is severely damaged.
The freezing wraith hits you.
You die...

##...###.##
..
######..#
#. ##..##
#.. ##...#
#.. ##...##
#.# ##...##
#..##...##
#..#*.##
#...@.#
##.W.##
#####


You could see a freezing wraith.

Vanquished Creatures
  The ghost of VikTorMgn the Carver, an experienced FoFi (D:5)
  Joseph (D:8)
  3 freezing wraiths (IceCv)
  A wolf spider simulacrum (IceCv)
  Sigmund (D:5)
  A deep elf fighter (D:8)
  A human (D:7)
  A yak (D:8)
  2 hogs (D:7)
  2 water moccasins
  A porcupine (Lair:1)
  2 orc warriors
  5 ice beasts (IceCv)
  6 ogres
  An alligator simulacrum (IceCv)
  2 sky beasts (D:6)
  4 phantoms
  A necrophage (D:7)
  2 centaurs (D:7)
  A crocodile (D:8)
  5 giant frogs
  3 big kobolds (Sewer)
  2 scorpions
  A giant frog zombie (D:9)
  2 crimson imps
  A centaur zombie (D:8)
  2 hounds
  3 orc priests
  2 jellies
  7 worker ants
  Crazy Yiuf (D:4)
  A giant frog skeleton (D:7)
  A quasit (D:8)
  4 orc wizards
  3 iguanas
  A centaur skeleton (D:9)
  Terence (D:2)
  A polar bear simulacrum (IceCv)
  A wolf simulacrum (IceCv)
  2 sheep (D:7)
  A worker ant zombie (D:6)
  Robin (D:4)
  3 gnolls (D:2)
  A shadow imp (D:6)
  17 white imps
  16 adders
  8 river rats
  5 oozes
  An adder zombie (D:5)
  An adder skeleton (D:8)
  11 worms
  5 giant geckos
  28 orcs
  16 bats
  2 bat skeletons
  6 giant cockroaches
  20 goblins
  20 hobgoblins
  11 jackals (D:3)
  14 kobolds
  5 quokkas
  6 ball pythons
  5 giant newts
  A jackal skeleton (D:4)
  A quokka skeleton (D:4)
  2 quokka zombies (D:7)
  32 rats
  A plant (D:7)
323 creatures vanquished.

Notes
Turn   | Place    | Note
--------------------------------------------------------------
     0 | D:1      | Raurakos the Deep Elf Conjurer began the quest for the Orb.
     0 | D:1      | Reached XP level 1. HP: 10/10 MP: 6/6
   168 | D:1      | Reached XP level 2. HP: 15/15 MP: 2/8
   235 | D:1      | Learned a level 2 spell: Searing Ray
   240 | D:1      | Reached skill level 5 in Conjurations
   563 | D:1      | Reached XP level 3. HP: 19/19 MP: 1/9
   711 | D:1      | Learned a level 3 spell: Dazzling Spray
  1259 | D:2      | Reached skill level 6 in Conjurations
  1283 | D:2      | Noticed Terence
  1307 | D:2      | Killed Terence
  1307 | D:2      | Reached skill level 1 in Hexes
  1307 | D:2      | Reached XP level 4. HP: 21/24 MP: 0/11
  1464 | D:2      | Learned a level 4 spell: Iskenderun's Mystic Blast
  1721 | D:2      | Reached XP level 5. HP: 28/28 MP: 13/13
  2382 | D:3      | Reached skill level 5 in Spellcasting
  2678 | D:3      | Noticed a phantom
  2683 | D:3      | Killed a phantom
  2683 | D:3      | Reached XP level 6. HP: 32/32 MP: 5/16
  2986 | D:4      | Noticed an air elemental
  2988 | D:4      | Found a stormy altar of Qazlal.
  3014 | D:4      | Reached skill level 5 in Hexes
  3156 | D:4      | Noticed Robin
  3158 | D:4      | Killed Robin
  3301 | D:4      | Noticed a fire elemental
  3302 | D:4      | Noticed a water elemental
  3411 | D:4      | Found a glowing drain.
  3415 | Sewer    | Entered a sewer
  3634 | Sewer    | Reached XP level 7. HP: 36/36 MP: 14/19
  3675 | Sewer    | Reached skill level 7 in Spellcasting
  4588 | D:4      | Reached skill level 8 in Spellcasting
  4834 | D:4      | Found a white marble altar of Elyvilon.
  4914 | D:4      | Reached XP level 8. HP: 41/41 MP: 22/22
  5105 | D:4      | Noticed Crazy Yiuf
  5108 | D:4      | Killed Crazy Yiuf
  5254 | D:5      | Entered Level 5 of the Dungeon
  5379 | D:5      | Noticed Sigmund
  5385 | D:5      | Killed Sigmund
  5436 | D:5      | Reached skill level 9 in Spellcasting
  5742 | D:5      | Noticed VikTorMgn's ghost (experienced FoFi)
  5747 | D:5      | Killed VikTorMgn's ghost
  5747 | D:5      | Reached skill level 10 in Spellcasting
  6508 | D:6      | Reached XP level 9. HP: 35/45 MP: 13/25
  6750 | D:6      | Found a staircase to the Ecumenical Temple.
  6759 | Temple   | Entered the Ecumenical Temple
  6966 | D:6      | Reached skill level 11 in Spellcasting
  6973 | D:6      | Learned a level 5 spell: Iskenderun's Battlesphere
  6984 | D:6      | Reached skill level 1 in Charms
  7470 | D:6      | Reached skill level 5 in Charms
  7664 | D:7      | Reached skill level 10 in Conjurations
  8067 | D:7      | Found an ancient bone altar of Kikubaaqudgha.
  8109 | D:7      | Found a blossoming altar of Fedhas.
  8252 | D:7      | Found a glowing golden altar of the Shining One.
  8551 | D:7      | Found a deep blue altar of Sif Muna.
  8659 | D:8      | Reached XP level 10. HP: 50/50 MP: 27/27
  8826 | D:8      | Noticed Joseph
  8834 | D:8      | Killed Joseph
  9275 | D:8      | Found a staircase to the Lair.
  9291 | D:8      | Reached skill level 10 in Charms
  9458 | D:8      | Found a sparkling altar of Nemelex Xobeh.
  9845 | D:9      | Found a radiant altar of Vehumet.
  9863 | D:9      | Became a worshipper of Vehumet
 10121 | D:9      | Found a sacrificial altar of Ru.
 10170 | D:9      | Found an ancient bone altar of Kikubaaqudgha.
 10177 | D:9      | Got a faintly glowing robe
 10188 | D:9      | Identified the +0 robe of the Pure Mice {Int+5 SInv} (You found it on level 9 of the Dungeon)
 10377 | Lair:1   | Entered Level 1 of the Lair of Beasts
 10392 | Lair:1   | Reached skill level 12 in Conjurations
 10428 | Lair:1   | Found a frozen archway.
 10437 | Lair:1   | Acquired Vehumet's first power
 10437 | Lair:1   | Offered knowledge of Sting by Vehumet.
 10514 | IceCv    | Entered an ice cave
 10959 | IceCv    | Reached skill level 13 in Spellcasting
 10959 | IceCv    | Slain by a freezing wraith

Vault maps used:
D:1:      eino_arrival_cavern_e, minmay_crystal_room
D:2:      uniq_terence
D:3:      lemuel_upstairs_altar
D:4:      kennysheep_little_box, nicolae_qazlal_style_of_elements,
          gup_sewer_entry_spiral, uniq_crazy_yiuf_cottage, uniq_robin
D:5:      first_bread, kennysheep_generic_room_9, uniq_sigmund
D:6:      temple_fountains
D:7:      wad_woods_stonehenge, lemuel_crystal_altar, kennysheep_mini,
          lemuel_blue_sif_altar, grunt_livestock
D:8:      grunt_lair_entry_elf_guard_hut, nemelex_spade_bored_becter,
          uniq_joseph
D:9:      lemuel_round_altar, vehumet_altar_wand_db, basic_altar
Temple:   circular_temple_12
Lair:1:   portal_ice_cave_entry_imps, serial_bayou_shore_b
Sewer:    sewer_co_tree
IceCv:    ice_cave_small_necro

Action                   |  1- 3 |  4- 6 |  7- 9 | 10-12 || total
-------------------------+-------+-------+-------+-------++-------
Melee: Dagger            |    11 |    20 |     6 |       ||    37
       Quarterstaff      |       |       |    22 |       ||    22
 Cast: Magic Dart        |    63 |   127 |   176 |    96 ||   462
       Searing Ray       |     7 |     6 |     2 |       ||    15
       Dazzling Spray    |       |    10 |    89 |    31 ||   130
       Iskenderun's Myst |       |     9 |    11 |    11 ||    31
       Iskenderun's Batt |       |       |    14 |    24 ||    38
  Use: Scroll            |     1 |     8 |     5 |     5 ||    19
 Stab: Invisible         |       |       |     3 |       ||     3
  Eat: Chunk             |     1 |     9 |    18 |     7 ||    35
       Bread ration      |       |       |       |     1 ||     1
